 Dungeon Crawl Stone Soup version 0.30.0-19-g36f170ea60 (webtiles) character file.

Game seed: 11127840472803211664

67 jagang the Trooper (level 3, -1/31 HPs)
             Began as a Demigod Fighter on June 1, 2023.
             Slain by a gnoll
             ... wielding a +0 whip
              (8 damage)
             ... on level 2 of the Dungeon.
             The game lasted 00:02:51 (1342 turns).

jagang the Trooper (Demigod Fighter)                Turns: 1342, Time: 00:02:52

Health: -1/31      AC:  6    Str: 21    XL:     3   Next: 70%
Magic:  5/5        EV:  9    Int: 10    God:
Gold:   40         SH:  4    Dex: 13    Spells: 2/2 levels left

rFire   . . .        g - +0 dagger (speed)
rCold   . . .        c - +0 buckler
rNeg    . . .        b - +0 scale mail
rPois   .            (no helmet)
rElec   .            (no cloak)
rCorr   .            (no gloves)
SInv    .            (no boots)
Will    .....        (no amulet) Stlth
                     (no ring)
HPRegen 0.25/turn    (no ring)
MPRegen 0.09/turn

%: no passive effects
@: no status effects
A: high MP 1, forlorn, divine attributes
a: no special abilities


You were on level 2 of the Dungeon.
You visited 1 branch of the dungeon, and saw 2 of its levels.

You collected 40 gold pieces.

Inventory:

Hand Weapons
 a - a +0 rapier
 g - a +0 dagger of speed (weapon)
Armour
 b - a +0 scale mail (worn)
 c - a +0 buckler (worn)
Scrolls
 e - a scroll of fog {unknown}
 f - a scroll of immolation {unknown}
 h - a scroll of acquirement {unknown}
 j - 2 scrolls of identify {unknown}
 k - a scroll of noise {unknown}
 l - a scroll of fear {unknown}
 n - a scroll of amnesia {unknown}
 p - a scroll of teleportation {unknown}
Potions
 d - a potion of might
 i - 2 potions of curing
 m - a potion of invisibility {unknown}
 o - a potion of heal wounds {unknown}
 q - 2 potions of magic {unknown}
 r - a potion of lignification {unknown}


   Skills:
 * Level 3.3 Fighting
 + Level 2.2 Short Blades
 + Level 3.0 Armour
 + Level 1.0 Dodging
 + Level 3.0 Shields


You had 2 spell levels left.
You didn't know any spells.
Your spell library was empty.

Dungeon Overview and Level Annotations

Branches:
Dungeon (2/15)


Innate Abilities, Weirdness & Mutations

You have an increased reservoir of magic. (+10% MP)
You shall have no god before yourself.
Your divine heritage dramatically boosts your attributes as you level up.


Message History

The gnoll hits you with a +3 whip.
You closely miss the gnoll.
The gnoll is heavily wounded.
You hit the gnoll.
The gnoll is severely wounded.
The gnoll hits you with a +3 whip.
You hit the gnoll but do no damage.
The gnoll is severely wounded.
The gnoll barely misses you.
You hit the gnoll.
The gnoll is severely wounded.
You hit the gnoll but do no damage.
The gnoll is severely wounded.
The gnoll hits you with a +3 whip.
You hit the gnoll.
You kill the gnoll!
The gnoll hits you with a +0 whip.
* * * LOW HITPOINT WARNING * * *
You hit the gnoll but do no damage. The gnoll hits you with a +0 whip.
* * * LOW HITPOINT WARNING * * *
You hit the gnoll.
The gnoll is lightly wounded.
The gnoll closely misses you.
You hit the gnoll but do no damage.
The gnoll is lightly wounded.
You hit the gnoll but do no damage.
The gnoll is lightly wounded.
The gnoll hits you with a +0 whip.
* * * LOW HITPOINT WARNING * * *
You barely miss the gnoll.
The gnoll is lightly wounded.
You block the gnoll's attack.
It was a potion of curing.
You feel better. The gnoll hits you with a +0 whip.
* * * LOW HITPOINT WARNING * * *
You hit the gnoll but do no damage.
The gnoll is lightly wounded.
You hit the gnoll.
The gnoll is heavily wounded.
The gnoll hits you with a +0 whip!
You die...

## #># ### .# #.#
#.# .# #.# #.> #
#.# ##### ###
####.# #...#
..#.# ♣.♣.# #.#.#
#.#.#
#######<#.♣#♣.♣.#
.....>........#@#
####.....♣.♣.♣g#
#...#######g#
#...# #)#
#†..##........#
#......####.#.#
#...### #.#.#
#.... ..# .
#.#### ### ##


You could see 2 gnolls.

Vanquished Creatures
  A gnoll (D:2)
  An adder (D:2)
  2 dart slugs
  6 endoplasms
  2 giant cockroaches
  5 goblins
  5 hobgoblins (D:1)
  2 kobolds (D:1)
  A quokka (D:1)
  2 ball pythons (D:1)
  8 bats (D:1)
  A frilled lizard (D:1)
  5 rats
41 creatures vanquished.

Notes
Turn   | Place    | Note
-------+----------+-------------------------------------------
     0 | D:1      | jagang the Demigod Fighter began the quest for the Orb.
     0 | D:1      | Reached XP level 1. HP: 18/18 MP: 3/3
   133 | D:1      | Reached XP level 2. HP: 14/25 MP: 4/4
   636 | D:1      | Reached XP level 3. HP: 31/31 MP: 5/5
  1273 | D:2      | Reached skill level 1 in Dodging
  1338 | D:2      | HP: 1/31 [gnoll/+0 whip (4)]
  1342 | D:2      | Slain by a gnoll

Illustrated notes

Levels and vault maps discovered:
D:1:      dpeg_arrival_rooms_a, layout_rooms, kennysheep_another_room
D:2:      kennysheep_big_flooded_room, layout_loops_ring, serial_forest,
          infiniplex_forest_lined_2, infiniplex_forest_end_1,
          infiniplex_forest_split, infiniplex_forest_lined_3_way,
          infiniplex_forest_lined_corner, infiniplex_forest_end_3

Skill      XL: |  1  2  3 |
---------------+----------+-----
Fighting       | 3 |  3.3
Short Blades   | 2 |  2.2
Armour         | 3 |  3.0
Shields        | 3 |  3.0
Dodging        | 1 |  1.0

Action                     || total
---------------------------++-------
  Melee: Rapier            ||    32
         Dagger            ||   184
    Use: Potion            ||     1
 Armour: Scale mail        ||    77
  Dodge: Dodged            ||    71
  Block: Buckler           ||    34
